[Event "*** Titled Tuesday Blitz"]
[Site "Chess.com"]
[Date "2020.04.14"]
[Round "3"]
[White "UmutErdemGunduz"]
[Black "Anna_ChessMate"]
[Result "0-1"]
[WhiteElo "2383"]
[BlackElo "2613"]
[TimeControl "180+1"]
[EndTime "10:29:04 PDT"]
[Termination "Anna_ChessMate won on time"]

1. Nf3 d5 2. c4 d4 3. b4 g5 4. Nxg5 e5 5. Qa4+ Bd7 6. Nxf7 Bxa4 7. Nxd8 Kxd8 8. a3 Nf6 9. g3 a5 10. Bg2 Bc6 11. Bxc6 bxc6 12. bxa5 Rxa5 13. d3 Nbd7 14. O-O Bd6 15. Nd2 Ke7 16. e3 dxe3 17. fxe3 Rha8 18.
Nf3 Bxa3 19. Bd2 Ra4 20. d4 Bd6 21. Rxa4 Rxa4 22. c5 Nxc5 23. dxc5 Bxc5 24. Nxe5 Ne4 25.
Bc1 Kd6 26. Nd3 Bb6 27. Rf4 c5 28. Kg2 Ra2+ 29. Kf3 Ng5+ 30. Kg4 Ne6 31. Rf6 Ke7 32. Rh6 c4 33. Nb4 Re2 34. Nc6+ Kd6 35. Nd8 c3 36.
Nxe6 Ke7 37. Ba3+ Kf7 38. Nd4 Rxe3 39. Nf5 Re4+ 40. Kf3 Ra4 41. Bc1 Ra1 42. Bf4 Rf1+ 43. Ke2 Rf2+ 44. Kd3 c2 45. Bc1 Rxf5 46. Kxc2 Rc5+ 47.
Kd1 Rxc1+ 0-1

[Event "*** Titled Tuesday Blitz"]
[Site "Chess.com"]
[Date "2020.04.14"]
[Round "3"]
[White "velemajstor767276"]
[Black "Chichin_chao"]
[Result "1-0"]
[WhiteElo "2585"]
[BlackElo "2364"]
[TimeControl "180+1"]
[EndTime "10:29:04 PDT"]
[Termination "velemajstor767276 won by resignation"]

1. d4 Nf6 2. Bg5 e6 3. e4 h6 4.
Bxf6 Qxf6 5. c3 b6 6. Bd3 Bb7 7.
Ne2 d6 8. O-O g6 9. f4 Bg7 10.
f5 gxf5 11. Ng3 Qg5 12. exf5 Nd7 13. Qe2 O-O-O 14. Ba6 h5 15. Na3 Bh6 16. Rae1 h4 17.
Ne4 Qe3+ 18. Kh1 Qxe2 19. Bxb7+ Kxb7 20. Rxe2 d5 21. Nf2 exf5 22. Nd3 Rde8 23. Rfe1 Re4 24.
Nf2 Rxe2 25. Rxe2 Bg5 26. Nd3 c6 27. Kg1 Kc7 28. Kf2 Kd6 29. Nc2 Nf6 30. Ne5 Ng4+ 31. Kg1 Rf8 32. h3 Nxe5 33. Rxe5 f6 34. Rxf5 Re8 35. Kf1 a5 36. b3 a4 37. b4 c5 38. dxc5+ bxc5 39. Rf3 cxb4 40. Nxb4 Kc5 41. Rd3 Re5 42. Rf3 d4 43. Nd3+ Kd5 44. Nxe5 fxe5 45.
cxd4 Kxd4 46. Ke2 e4 47. Ra3 Bf4 48. Rxa4+ Kd5 49. Ra5+ Kd4 50. Rh5 Bg3 51. a4 Kc4 52. a5 Bb8 53. a6 1-0

[Event "*** Titled Tuesday Blitz"]
[Site "Chess.com"]
[Date "2020.04.14"]
[Round "3"]
[White "mirochka"]
[Black "TastyTablet"]
[Result "0-1"]
[WhiteElo "2328"]
[BlackElo "2576"]
[TimeControl "180+1"]
[EndTime "10:29:04 PDT"]
[Termination "TastyTablet won on time"]

1. e4 e6 2. Nf3 d5 3. e5 Bd7 4. c3 c5 5. a3 Nc6 6. b4 f6 7.
d4 fxe5 8. Nxe5 Nxe5 9. dxe5 Qc7 10. Bf4 O-O-O 11. Bd3 Ne7 12. O-O h6 13. Nd2 g5 14.
Bg3 Bg7 15. Rc1 c4 16. Bb1 Bxe5 17. Nf3 Bxg3 18. fxg3 e5 19. Qe2 e4 20. Nd4 Rdf8 21. b5 Ng6 22. a4 Ne5 23. Rce1 Nd3 24. Bxd3 cxd3 25. Qd2 Qd6 26. Rc1 Rxf1+ 27. Rxf1 Rf8 28. Rc1 Kb8 29. Qe3 Qa3 30. c4 dxc4 31. Rxc4 Bf5 32. g4 Bg6 33. h3 Qa1+ 34. Kh2 Qb2 35. Nf5 Bxf5 36. gxf5 Qe5+ 37. Kg1 Qxf5 38. Rxe4 d2 39. Re8+ Rxe8 40. Qxe8+ Kc7 41. Qe7+ Kb6 42. Qd6+ Ka5 43.
Qxd2+ Kxa4 44. Qd4+ Kxb5 45. Qb2+ Kc6 46. Qg7 Qc5+ 47.
Kh1 Qd6 48. Qc3+ Kb6 49. Qb3+ Kc7 50. Qc3+ Kd8 51. Qh8+ Kd7 52. Qg7+ Kc6 53. Qc3+ Kb5 54. Qb2+ Ka6 55. Qa1+ Kb5 56. Qb2+ Qb4 57. Qe5+ Ka4 0-1

[Event "*** Titled Tuesday Blitz"]
[Site "Chess.com"]
[Date "2020.04.14"]
[Round "3"]
[White "AlexVanGog"]
[Black "Embrujada"]
[Result "1-0"]
[WhiteElo "2593"]
[BlackElo "2332"]
[TimeControl "180+1"]
[EndTime "10:29:04 PDT"]
[Termination "AlexVanGog won by checkmate"]

1. Nf3 d5 2. e3 Nf6 3. c4 c6 4. Nc3 e6 5. Qc2 Bd6 6. b3 O-O 7. Bb2 e5 8. cxd5 cxd5 9. Nb5 Nc6 10. Nxd6 Qxd6 11. Bb5 e4 12. Nd4 Bd7 13. Be2 Rac8 14.
Qd1 Ne5 15. h3 Ng6 16. O-O Rfe8 17. f4 exf3 18. Bxf3 Ne4 19. Bxe4 Rxe4 20. Qf3 Rf8 21.
Rac1 f5 22. d3 Ree8 23. Ne2 Bb5 24. Rfd1 f4 25. e4 Bc6 26. Nd4 dxe4 27. dxe4 Bxe4 28.
Qf2 Qb6 29. a4 f3 30. g3 Ne5 31. Rc3 Qh6 32. Re3 Bd5 33. Rde1 Nd3 34. Nf5 Qb6 35.
a5 Nxf2 36. axb6 Nxh3+ 37. Kh2 Rxe3 38. Nxe3 Re8 39. Kxh3 f2 40. Rf1 Rxe3 41. bxa7 b5 42. Rxf2 Re8 43. Rd2 Bxb3 44. g4 Be6 45. Rd6 Kf7 46.
Rb6 Ra8 47. Rb7+ Kg6 48. Rxg7+ Kh6 49. Kh4 Bxg4 50. Rxg4 Rxa7 51. Bc1# 1-0

[Event "*** Titled Tuesday Blitz"]
[Site "Chess.com"]
[Date "2020.04.14"]
[Round "3"]
[White "Frogo47"]
[Black "kpio91"]
[Result "1/2-1/2"]
[WhiteElo "2521"]
[BlackElo "2746"]
[TimeControl "180+1"]
[EndTime "10:29:05 PDT"]
[Termination "Game drawn by agreement"]

1. e4 c5 2. Nf3 d6 3. c3 Nf6 4.
Be2 g6 5. O-O Bg7 6. Bb5+ Nc6 7.
Re1 O-O 8. h3 d5 9. e5 Ne8 10.
d4 cxd4 11. cxd4 Nc7 12. Bxc6 bxc6 13. Nc3 f6 14. Na4 Ne6 15. Be3 Ba6 16. Rc1 Rc8 17.
Nc5 Nxc5 18. Rxc5 Qb6 19. Qc2 g5 20. exf6 exf6 21. Rc1 Bb7 22. b3 Qd8 23. Qf5 Rc7 24.
b4 Re7 25. a4 Bc8 26. Qd3 Bd7 27. Qb3 a6 28. b5 axb5 29. axb5 cxb5 30. Rxd5 Kh8 31.
Rdc5 Qe8 32. d5 h5 33. Nd4 g4 34. hxg4 hxg4 35. Ne6 Bxe6 36. dxe6 Rxe6 37. Qxb5 Qxb5 38. Rxb5 f5 39. g3 Rf7 40. Rcc5 Ref6 41. Bd4 Re6 42. Bxg7+ Kxg7 43. Rxf5 Rxf5 44. Rxf5 Kg6 45. Rf4 Kg5 46.
Kg2 Re5 47. Rb4 Rd5 48. f4+ gxf3+ 49. Kxf3 Rd3+ 50. Kg2 Rd2+ 51. Kh3 Rd5 52. Rb8 Kg6 53. Kh4 Rd1 54. Rb6+ Kg7 55. g4 Rd5 56. g5 Rd1 57. Rb7+ Kg6 58. Rb6+ Kg7 1/2-1/2

[Event "*** Titled Tuesday Blitz"]
[Site "Chess.com"]
[Date "2020.04.14"]
[Round "3"]
[White "JelenaKarleusa-SO-18"]
[Black "Andro2"]
[Result "1-0"]
[WhiteElo "2692"]
[BlackElo "2418"]
[TimeControl "180+1"]
[EndTime "10:29:05 PDT"]
[Termination "JelenaKarleusa-SO-18 won on time"]

1. e4 c5 2. Nc3 d6 3. d4 cxd4 4.
Qxd4 Bd7 5. b3 Nc6 6. Qd2 g6 7. Bb2 Bh6 8. f4 Bg7 9. O-O-O Qa5 10. Kb1 Rc8 11. Nf3 Nh6 12. h3 O-O 13. g4 Nb4 14. a3 Rxc3 15. Bxc3 Qxa3 16. Bxg7 Kxg7 17. Qc3+ f6 18.
Qb2 Qa5 19. g5 Ng8 20. h4 Bg4 21. Be2 Rc8 22. Rc1 Rc3 23. Nd4 Bxe2 24. Nxe2 Re3 25. Nd4 Rxe4 26. Rcd1 Nd5 27. Rd3 Nxf4 28. Rf3 Nd5 29.
h5 Qc5 30. c3 Nxc3+ 31. Qxc3 Rxd4 32. hxg6 hxg6 33. Qxc5 dxc5 34. Re3 fxg5 35. Re5 b6 36. Rxg5 Rd6 37. Rhg1 Nh6 38. Kb2 Nf7 39. R5g2 Ne5 40. Ra1 Nd3+ 41. Kc3 Nb4 42. Rxa7 Nd5+ 43. Kb2 Kf6 44.
Rf2+ Kg7 45. Rb7 g5 46. Rb8 Nf4 47. Rf1 Rd2+ 48. Kc3 Rd4 49. Kc2 Kg6 50. Rxb6+ Kf5 51. Rc6 1-0

[Event "*** Titled Tuesday Blitz"]
[Site "Chess.com"]
[Date "2020.04.14"]
[Round "3"]
[White "marianokar"]
[Black "AlleyOoper"]
[Result "0-1"]
[WhiteElo "2357"]
[BlackElo "2579"]
[TimeControl "180+1"]
[EndTime "10:29:05 PDT"]
[Termination "AlleyOoper won by resignation"]

1. d4 Nf6 2. Nf3 c5 3. d5 d6 4. c4 g6 5. Nc3 Bg7 6. e4 O-O 7. h3 e6 8. Bd3 Nbd7 9. O-O e5 10.
Be3 h6 11. Qd2 Nh7 12. Bxh6 f5 13. Bxg7 Kxg7 14. Nh2 f4 15. f3 Ndf6 16. Kf2 Ng5 17. Ke1 Nh5 18. Kd1 Ng3 19. Re1 a6 20. Kc2 Rb8 21.
Nf1 Nh5 22. Rab1 b5 23. cxb5 axb5 24. Bxb5 Qa5 25. Bc4 Bd7 26. Qf2 Rb4 27. b3 Rfb8 28. Nd2 Ng3 29. Ra1 Qa3 30. Ndb1 Qa5 31. Nd2 Bc8 32.
a3 R4b6 33. Reb1 Ba6 34. Bxa6 Qxa6 35. Nc4 R6b7 36. a4 Rb4 37. Nb5 Rb6 38. Qd2 Nf7 39.
Kd1 Nf1 40. Qc3 Ne3+ 41. Nxe3 fxe3 42. Ke2 Rd4 43. Kxe3 Ng5 44. Kf2 Qc8 45. Kg3 Qd7 46. Nxd4 exd4 47. Qd2 Qe7 48. Kh2 Rb8 49. b4 Rh8 50.
bxc5 Rxh3+ 51. gxh3 Nxf3+ 52. Kg2 Nxd2 53. c6 Qxe4+ 54.
Kf2 Qe3+ 55. Kg2 Qf3+ 0-1

[Event "*** Titled Tuesday Blitz"]
[Site "Chess.com"]
[Date "2020.04.14"]
[Round "3"]
[White "KafkaesqueKnight"]
[Black "Zhani-Z"]
[Result "0-1"]
[WhiteElo "2140"]
[BlackElo "2513"]
[TimeControl "180+1"]
[EndTime "10:29:06 PDT"]
[Termination "Zhani-Z won by resignation"]

1. d4 Nf6 2. c4 g6 3. Nf3 Bg7 4. Nc3 d6 5. e4 Bg4 6. Be2 O-O 7. O-O Nc6 8. h3 Bxf3 9. Bxf3 e5 10. dxe5 dxe5 11. Qxd8 Rfxd8 12. Nd5 Ne8 13. Be3 Nd4 14. Rad1 c6 15. Nc3 Nc7 16. Rfe1 h5 17. Be2 Nce6 18. g3 Rd7 19. Kg2 Rad8 20. Bf1 Bf6 21. f4 Nc2 22. Rxd7 Nxe1+ 23. Kf2 Rxd7 24. Kxe1 h4 25.
fxe5 Bxe5 26. gxh4 Bg3+ 27. Ke2 Nd4+ 28. Bxd4 Rxd4 29. Ke3 Rd8 30. h5 gxh5 31. Be2 h4 32. Bg4 Be5 33. Nd1 a5 34. b3 a4 35. Ke2 axb3 36.
axb3 Bd4 37. Ne3 Bxe3 38. Kxe3 c5 39. e5 Rd4 40. e6 fxe6 41. Bxe6+ Kg7 42. Bd5 b6 43. b4 Kf6 44. bxc5 bxc5 45. Kf3 Ke5 46. Bg8 Rf4+ 47. Ke3 Rf6 48. Bd5 Rg6 49. Kf2 Rg3 50. Bg2 Rxg2+ 51. Kxg2 Kd4 52. Kf3 Kxc4 53. Kg4 Kd3 54. Kxh4 c4 55. Kg5 c3 56. h4 c2 57.
h5 c1=Q+ 58. Kg6 Qa1 59. Kh7 Qf6 60. h6 Ke4 0-1

[Event "*** Titled Tuesday Blitz"]
[Site "Chess.com"]
[Date "2020.04.14"]
[Round "3"]
[White "TregubovP"]
[Black "igorkovalenko"]
[Result "0-1"]
[WhiteElo "2489"]
[BlackElo "2897"]
[TimeControl "180+1"]
[EndTime "10:29:07 PDT"]
[Termination "igorkovalenko won on time"]

1. e4 c5 2. Nf3 e6 3. c3 Nf6 4.
e5 Nd5 5. d4 cxd4 6. cxd4 d6 7.
Bc4 Nb6 8. Bd3 Nc6 9. Nc3 Be7 10. O-O Nb4 11. Bb1 Bd7 12. Qe2 Bc6 13. a3 N4d5 14.
Ne4 h6 15. Rd1 Rc8 16. Bd2 Na4 17. b3 Nab6 18. Ba5 Qc7 19. exd6 Bxd6 20. Nxd6+ Qxd6 21. Qe5 Qxe5 22. dxe5 Nd7 23. Be4 Nc5 24. Bc2 Nf4 25.
Ne1 O-O 26. g3 Nh3+ 27. Kf1 Ng5 28. Bb4 Bd5 29. Rab1 Rfe8 30. Nd3 Nxd3 31. Bxd3 Nf3 32. Bb5 Nxh2+ 33. Ke1 Nf3+ 34. Ke2 Nxe5 35. Kf1 Nc6 36. Bc5 a6 37. Be2 g6 38. b4 Ne5 39. Bd4 Nc4 40. a4 b5 41. axb5 axb5 42. Ra1 Rc7 43.
Bf6 Rcc8 44. f4 Ra8 45. Kf2 Ra4 46. Bxc4 Bxc4 47. Rh1 h5 48. g4 Bd5 49. Rxa4 bxa4 50. Ra1 Ra8 51. gxh5 gxh5 52. Rg1+ Kh7 0-1

[Event "*** Titled Tuesday Blitz"]
[Site "Chess.com"]
[Date "2020.04.14"]
[Round "3"]
[White "tonyq11"]
[Black "Grandmaster2B"]
[Result "0-1"]
[WhiteElo "2249"]
[BlackElo "2533"]
[TimeControl "180+1"]
[EndTime "10:29:07 PDT"]
[Termination "Grandmaster2B won on time"]

1. d4 Nf6 2. c4 e6 3. Nc3 Bb4 4. f3 c5 5. d5 b5 6. e4 O-O 7. e5 Ne8 8. f4 exd5 9. cxd5 d6 10. Nf3 Nc7 11. Bd3 c4 12. Bc2 dxe5 13. d6 Bxd6 14.
fxe5 Bb4 15. O-O Qxd1 16. Rxd1 Bb7 17. Ng5 h6 18. Nge4 a6 19. a3 Be7 20. Be3 Nc6 21.
Rd7 Bd8 22. Bf4 Bc8 23. Rd6 Ne6 24. Bxh6 Nxe5 25. Be3 Bc7 26. Rd2 Bb7 27. Rad1 Rad8 28. h3 Rxd2 29. Rxd2 Rd8 30. Rxd8+ Bxd8 31. Nd6 Bc6 32.
Nce4 Bc7 33. Nf5 Kf8 34. Kf2 f6 35. Nd4 Nxd4 36. Bxd4 Kf7 37. Nc5 Bd6 38. Nxa6 Nd3+ 39. Bxd3 cxd3 40. Nb4 d2 41. Ke2 Bxg2 42. Kxd2 Bxh3 43.
b3 Bd7 44. Nd3 Ke6 45. a4 bxa4 46. bxa4 Bxa4 47. Ke3 Kd5 48. Bc3 Bb5 49. Nf4+ Kc4 50. Bxf6 gxf6 51. Nh5 Be5 52. Ng7 Bd7 53. Ke4 Kc5 54.
Nh5 Kd6 55. Ng7 Ke7 0-1

[Event "*** Titled Tuesday Blitz"]
[Site "Chess.com"]
[Date "2020.04.14"]
[Round "3"]
[White "GianmarcoVaR"]
[Black "lhavas"]
[Result "1-0"]
[WhiteElo "2628"]
[BlackElo "2400"]
[TimeControl "180+1"]
[EndTime "10:29:08 PDT"]
[Termination "GianmarcoVaR won by resignation"]

1. d4 Nf6 2. c4 e5 3. dxe5 Ne4 4. Nf3 d6 5. e3 Nc6 6. Nbd2 Nxd2 7. Bxd2 dxe5 8. Bc3 Qxd1+ 9. Rxd1 f6 10. Bd3 Be6 11. b3 O-O-O 12. Ke2 Bb4 13. Bb2 g6 14. h3 Be7 15. g4 Rhe8 16. a3 Na5 17. Bc2 b6 18. g5 Rxd1 19. Kxd1 fxg5 20. Nxe5 Bd6 21. Nd3 Nc6 22. Kd2 Bf5 23. Ne1 Be6 24. Nf3 Rf8 25.
Be4 Ne7 26. Ke1 h6 27. Bg7 Rf7 28. Bxh6 Bf5 29. Nxg5 Bxe4 30. Nxe4 Rh7 31. Bf8 Nf5 32. Bxd6 Nxd6 33. Nxd6+ cxd6 34. Ke2 Kd7 35. Rg1 Ke6 36. Rxg6+ Ke5 37. Rg3 a6 38. Kd3 b5 39. cxb5 axb5 40. Rg5+ Ke6 41. Rxb5 Rxh3 42. a4 Rh2 43. f4 Rb2 44. a5 Rxb3+ 45. Rxb3 1-0

[Event "*** Titled Tuesday Blitz"]
[Site "Chess.com"]
[Date "2020.04.14"]
[Round "3"]
[White "arjwezhrtdrz"]
[Black "arminmusovic"]
[Result "0-1"]
[WhiteElo "2212"]
[BlackElo "2487"]
[TimeControl "180+1"]
[EndTime "10:29:08 PDT"]
[Termination "arminmusovic won on time"]

1. e4 c6 2. d4 d5 3. exd5 cxd5 4. Bd3 Nc6 5. c3 Nf6 6. Bf4 g6 7. h3 Bg7 8. Nf3 O-O 9. O-O Re8 10. Re1 Nd7 11. Nbd2 f6 12. c4 e6 13. cxd5 exd5 14. Qb3 Nb6 15. Rxe8+ Qxe8 16. Re1 Qd8 17. Nb1 Na5 18.
Qc2 Bd7 19. Bc7 Qf8 20. Bxb6 axb6 21. b3 Rc8 22. Qd2 Bh6 23. Qb2 Qb4 24. Qa3 Qxa3 25. Nxa3 Kf8 26. Bb5 Bf5 27. Nh4 Bd2 28. Rd1 Bb4 29.
Nxf5 Bxa3 30. Ne3 Rd8 31. Be2 Nc6 32. Bf3 Ne7 33. Rd2 f5 34. Rc2 f4 35. Ng4 Bd6 36. Kf1 Kg7 37. Ne5 Kf6 38. Nd3 Bb8 39. Bg4 h5 40. Bf3 Nf5 41. Nb4 Ne7 42. Rd2 Ke6 43. Rc2 Kd6 44. Ke2 b5 45. Kd3 Ba7 46. a3 Bb6 47. Re2 Ra8 48. Ra2 Ba5 49. Nc2 Nf5 50. b4 Bb6 51. Ne1 Nxd4 52. Bd1 Re8 53. Nc2 Nf5 54. f3 Ne3 55. Kd2 Nxg2 0-1

[Event "*** Titled Tuesday Blitz"]
[Site "Chess.com"]
[Date "2020.04.14"]
[Round "3"]
[White "secretsuperstar7"]
[Black "BabyBoss31"]
[Result "0-1"]
[WhiteElo "2139"]
[BlackElo "2342"]
[TimeControl "180+1"]
[EndTime "10:29:08 PDT"]
[Termination "BabyBoss31 won on time"]

1. d4 d5 2. c4 Nc6 3. Nf3 Bg4 4. cxd5 Bxf3 5. gxf3 Qxd5 6. e3 e5 7.
Nc3 Bb4 8. Bd2 Bxc3 9. bxc3 Qd6 10. Rb1 b6 11. f4 exf4 12. e4 Nge7 13. Qf3 Qa3 14.
Bc4 Nxd4 15. Bxf7+ Kxf7 16. Qxf4+ Ke8 17. cxd4 Rf8 18.
Qe5 Qxa2 19. O-O Qxd2 20. Qxc7 Qf4 21. Qc2 Qd6 22. Qa4+ Qd7 23. Qb3 Qg4+ 24. Kh1 Qf3+ 25. Qxf3 Rxf3 26. Kg2 Rd3 27. d5 Kd7 28. f4 Rf8 29.
Ra1 a5 30. Rab1 Kc7 31. Rfc1+ Kb7 32. f5 g6 33. fxg6 hxg6 34. Rc2 Rd4 35. Rcb2 Rb4 36. Rxb4 axb4 37. Rxb4 Rf4 38. Kg3 Rf1 39. d6 Nc6 40.
Rc4 Rd1 41. e5 Nxe5 42. Rc7+ Ka6 43. Re7 Rxd6 44. Rxe5 b5 45. Re8 Ka5 46. Ra8+ Kb4 47. h4 Kc3 48. Kf3 b4 49. Rc8+ Kb2 50. Ke2 b3 51.
Ra8 Kb1 52. Rb8 b2 53. Ke1 Rd4 54. Rb7 Rxh4 55. Kd2 Rc4 0-1

[Event "*** Titled Tuesday Blitz"]
[Site "Chess.com"]
[Date "2020.04.14"]
[Round "3"]
[White "NM2019"]
[Black "flavicol64"]
[Result "0-1"]
[WhiteElo "2047"]
[BlackElo "2303"]
[TimeControl "180+1"]
[EndTime "10:29:08 PDT"]
[Termination "flavicol64 won on time"]

1. Nf3 Nf6 2. c4 g6 3. Nc3 Bg7 4. e4 d6 5. d4 O-O 6. Be2 Nbd7 7. O-O e5 8. Be3 exd4 9. Nxd4 Nc5 10. f3 a5 11. Qc2 Bd7 12. Rfe1 Nh5 13. Rad1 Ne6 14. Nxe6 fxe6 15. Qd2 Qf6 16. Rf1 Nf4 17. Bxf4 Qxf4 18.
Qxf4 Rxf4 19. c5 Be5 20. cxd6 cxd6 21. Nb5 Bxb5 22. Bxb5 Rd8 23. b3 d5 24. exd5 exd5 25. Rfe1 Bc3 26. Re7 Rf7 27. Rxf7 Kxf7 28. Bc4 Ke6 29. Kf2 Ke5 30. Ke2 Bb4 31. g3 d4 32.
Kd3 Bc3 33. f4+ Kd6 34. Rf1 Re8 35. Rf2 Re3+ 36. Kc2 Kc5 37. Rf1 b5 38. Bg8 Re2+ 39. Kd1 Rxh2 40. Bf7 Rd2+ 41. Kc1 d3 42. f5 Rc2+ 43.
Kd1 g5 44. f6 Bd4 45. Be6 Be3 46. Rf5+ Kb4 47. a3+ Kxa3 0-1

[Event "*** Titled Tuesday Blitz"]
[Site "Chess.com"]
[Date "2020.04.14"]
[Round "3"]
[White "grandcoach"]
[Black "Hippotaner"]
[Result "1-0"]
[WhiteElo "1860"]
[BlackElo "2250"]
[TimeControl "180+1"]
[EndTime "10:29:08 PDT"]
[Termination "grandcoach won by checkmate"]

1. e4 e5 2. Nf3 Nc6 3. d4 exd4 4. c3 d5 5. exd5 Qxd5 6. cxd4 Nf6 7. Nc3 Bb4 8. Be2 O-O 9. O-O Bxc3 10. bxc3 Ne4 11.
c4 Qa5 12. d5 Qc3 13. Rb1 Na5 14. Bb2 Qb4 15. Bxg7 Qe7 16. Bxf8 Qxf8 17. Qd4 Nd6 18.
c5 Nf5 19. Qa4 b6 20. d6 cxd6 21. cxb6 axb6 22. Rxb6 Be6 23. Nd4 Nc4 24. Nxe6 Rxa4 25. Nxf8 Nxb6 26. Bg4 Nh6 27. Nd7 Nxg4 28. Nxb6 Rxa2 29.
Nd5 Ne5 30. Rd1 Kg7 31. h3 Nc4 32. Rd3 Rd2 33. Rg3+ Kf8 34. Nf6 Ne5 35. Nxh7+ Ke7 36. f4 Rd1+ 37. Kh2 Ng6 38. Ng5 Nxf4 39. Re3+ Ne6 40. Nxe6 fxe6 41. h4 d5 42. h5 d4 43. Re4 Kf6 44. Rg4 d3 45. h6 e5 46.
h7 d2 47. h8=Q+ Kf5 48. Qh5+ Kf6 49. Rg6+ Kf7 50. Qxd1 Kxg6 51. Qxd2 Kf5 52. Qe3 Kf6 53. Kg3 Ke6 54. Kg4 Kf6 55. Kh5 Ke6 56. Qe4 Kd6 57. Kg5 Ke6 58. Kg6 Ke7 59. Kf5 Kf8 60. Qxe5 Kf7 61.
Qc7+ Kf8 62. Kf6 Ke8 63. Qe7# 1-0

[Event "*** Titled Tuesday Blitz"]
[Site "Chess.com"]
[Date "2020.04.14"]
[Round "3"]
[White "ClassyEl"]
[Black "Shant_Sargsyan"]
[Result "1-0"]
[WhiteElo "2714"]
[BlackElo "3038"]
[TimeControl "180+1"]
[EndTime "10:29:09 PDT"]
[Termination "ClassyEl won on time"]

1. d4 d5 2. Bf4 Nf6 3. e3 e6 4. Nd2 Bd6 5. Bg3 O-O 6. Bd3 c5 7. c3 b6 8. Ngf3 Qc7 9. Ne5 Nc6 10. f4 Ne7 11. Bf2 Bb7 12. Qf3 Nd7 13. Qh3 f5 14. g4 c4 15. Bc2 b5 16. Ndf3 Nf6 17. Ng5 Bc8 18. gxf5 exf5 19. Rg1 h6 20. Ngf3 Ng4 21. Qg3 b4 22. h3 bxc3 23. bxc3 Qa5 24. Kd2 Rb8 25. hxg4 Rb2 26. gxf5 Nxf5 27.
Qg6 Bb4 28. Rac1 Bxc3+ 29. Kd1 Qxa2 30. Ne1 Bxe1 31. Rxe1 c3 32. Rg1 Rxc2 33. Rxc2 Qb1+ 34. Rc1 Qe4 35. Rxc3 Kh8 36. Rc7 Qb1+ 37. Ke2 Ba6+ 38.
Qxa6 Rb8 39. Rxa7 Rb2+ 40. Kf3 Qe4+ 41. Kg4 Nxd4 42. Qc8+ Kh7 43. Rxg7+ Kxg7 44. Kh5+ Kf6 45. Qf8+ Ke6 46. Rg6+ Qxg6+ 47. Nxg6 Nf5 48. Qe8+ Kf6 49. Qe5+ Kf7 50. Qxf5+ Ke8 51. Qe5+ 1-0

[Event "*** Titled Tuesday Blitz"]
[Site "Chess.com"]
[Date "2020.04.14"]
[Round "3"]
[White "EugeneRougon"]
[Black "LiemLe"]
[Result "0-1"]
[WhiteElo "2692"]
[BlackElo "3010"]
[TimeControl "180+1"]
[EndTime "10:29:09 PDT"]
[Termination "LiemLe won by resignation"]

1. e4 e5 2. Nf3 Nc6 3. d4 exd4 4.
Nxd4 Nf6 5. Nxc6 bxc6 6. e5 Qe7 7. Qe2 Nd5 8. c4 Nb6 9. b3 a5 10. a4 Qe6 11. Bb2 Bb4+ 12. Nd2 O-O 13. O-O-O d5 14.
exd6 cxd6 15. Nf3 Qh6+ 16. Qe3 Qxe3+ 17. fxe3 d5 18. cxd5 Nxd5 19. Bd4 Re8 20. Bc4 Nxe3 21. Rde1 Ba3+ 22. Bb2 Bxb2+ 23. Kxb2 Nxc4+ 24. bxc4 Be6 25. Kc3 Rab8 26. Rb1 Kf8 27. Nd4 Bd7 28. c5 Re3+ 29.
Kc4 Rxb1 30. Rxb1 Ra3 31. Rb8+ Ke7 32. Rb7 Rxa4+ 33. Kc3 Kd8 34. Rb8+ Kc7 35. Rf8 Ra3+ 36. Kc4 Ra4+ 37. Kc3 Ra2 38. Rxf7 Rxg2 39. Ne6+ Kc8 40. Rf8+ Kb7 41. Rf7 Kc8 42. Rf8+ Be8 43. Rxe8+ Kd7 44.
Nxg7 Rxg7 45. Ra8 Ke6 46. Rxa5 Rg2 47. Ra7 Rxh2 48. Rg7 Rh5 49. Kd3 Kd5 50. Ra7 Rh3+ 51. Ke2 Kxc5 52. Rc7 Kd5 53. Rc8 c5 54. Kd2 Kd4 55.
Kc2 Kc4 56. Kb2 Rh2+ 57. Kb1 Kb4 58. Rg8 c4 59. Rg3 Re2 60. Rh3 Re7 61. Kc2 Ra7 62.
Kb2 Rc7 63. Kc2 Kc5 64. Kc3 Kd5 65. Rh6 Ke5 66. Rh1 Kf4 67. Rf1+ Kg3 68. Rh1 Kg2 69.
Rh6 Kf2 70. Rh5 Kf3 71. Rh6 Kg4 72. Rh1 h5 73. Rg1+ Kf3 74. Rh1 Rc5 75. Kd4 Rg5 76. Kxc4 Kg2 77. Ra1 h4 78. Ra2+ Kg3 79. Ra8 h3 80.
Rh8 h2 81. Kd3 0-1

[Event "*** Titled Tuesday Blitz"]
[Site "Chess.com"]
[Date "2020.04.14"]
[Round "3"]
[White "Tashik"]
[Black "Lucas_Tomiello"]
[Result "1/2-1/2"]
[WhiteElo "2562"]
[BlackElo "2348"]
[TimeControl "180+1"]
[EndTime "10:29:09 PDT"]
[Termination "Game drawn - insufficient material"]

1. c4 Nf6 2. Nc3 g6 3. e4 d6 4. d4 Bg7 5. f4 O-O 6. Nf3 c5 7.
d5 e6 8. dxe6 Bxe6 9. Bd3 Nc6 10.
f5 Bc8 11. O-O Re8 12. Bg5 h6 13. e5 hxg5 14. exf6 Bxf6 15. fxg6 fxg6 16. Bxg6 Rf8 17.
Ne4 g4 18. Nfd2 Bd4+ 19. Kh1 Ne5 20. Rxf8+ Qxf8 21. Bh5 Qh6 22. Qf1 Be6 23. Qf6 Qxf6 24. Nxf6+ Kg7 25. Nfe4 Kh6 26. Ng3 Bf2 27. Nde4 Bxg3 28.
Nxg3 Bxc4 29. h3 gxh3 30. gxh3 Rg8 31. Kh2 Rxg3 32. Kxg3 Kxh5 33. Re1 b5 34. Re4 Bd5 35. Rf4 Kg6 36. b3 c4 37. bxc4 Bxc4 38. a3 d5 39. Rf8 d4 40. Kf4 Nf7 41. Ke4 d3 42.
Ke3 Nd6 43. Ra8 Nf5+ 44. Kd2 Nd4 45. Rxa7 Nb3+ 46. Kc3 d2 47. Rd7 Kg5 48. a4 Nc5 49. Rxd2 Nxa4+ 50. Kb4 Kh4 51. Rd4+ Kxh3 52. Rxc4 bxc4 53.
Kxa4 Kg3 54. Kb4 Kf3 55. Kxc4 1/2-1/2

[Event "*** Titled Tuesday Blitz"]
[Site "Chess.com"]
[Date "2020.04.14"]
[Round "3"]
[White "Fighter008"]
[Black "frankshar"]
[Result "0-1"]
[WhiteElo "2514"]
[BlackElo "2263"]
[TimeControl "180+1"]
[EndTime "10:29:09 PDT"]
[Termination "frankshar won by checkmate"]

1. e4 c6 2. d4 d5 3. e5 Bf5 4. Be3 Qb6 5. Qc1 e6 6. c4 dxc4 7. Bxc4 Bb4+ 8. Nc3 Qc7 9. Ne2 Nd7 10. O-O Ne7 11. Ng3 O-O 12. a3 Bxc3 13. bxc3 b5 14. Be2 Nb6 15. f4 Rfd8 16. Nh1 Be4 17. Nf2 Bd5 18.
Nd3 Bc4 19. g4 c5 20. f5 cxd4 21. cxd4 Ned5 22. f6 Bxd3 23. Bxd3 Qxc1 24. Bxc1 g6 25. Bxb5 Nc3 26. Bc6 Rac8 27. Bf3 Rxd4 28. h4 Nc4 29.
Re1 Rd3 30. Bg2 Rc5 31. Bf4 Nd5 32. Bh2 Nce3 33. Bf3 Nc2 34. Rab1 Rc8 35. Rf1 Nce3 36. Rf2 Rxa3 37. h5 a5 38. hxg6 hxg6 39. Rfb2 Rd3 40. Rb8 Rc3 41. R1b7 a4 42. Rxc8+ Rxc8 43. Ra7 Nc3 44. Bc6 Rxc6 45. Ra8+ Kh7 46. Bf4 Nxg4 47. Ra7 Ne2+ 48. Kg2 Nxf4+ 49. Kf3 Nh6 50. Kxf4 Rc4+ 51. Kg5 Rg4# 0-1

[Event "*** Titled Tuesday Blitz"]
[Site "Chess.com"]
[Date "2020.04.14"]
[Round "3"]
[White "Ovsiannikov_Maxim"]
[Black "PotapovaM"]
[Result "0-1"]
[WhiteElo "2211"]
[BlackElo "2520"]
[TimeControl "180+1"]
[EndTime "10:29:09 PDT"]
[Termination "PotapovaM won by resignation"]

1. d4 Nf6 2. Bg5 Ne4 3. Bh4 d5 4. f3 Nf6 5. Nc3 c5 6. e4 dxe4 7. dxc5 Qxd1+ 8. Rxd1 exf3 9. Nb5 Na6 10. Bxf6 exf6 11.
Nd6+ Bxd6 12. cxd6 fxg2 13. Bxg2 Bg4 14. Bxb7 Bxd1 15.
Bxa8 Bxc2 16. Bc6+ Kd8 17. Ne2 Nb4 18. Bb5 Bd3 19.
Nd4 Bxb5 20. Nxb5 Kd7 21. a3 Nc6 22. Kf2 a6 23. Nc7 Kxd6 24. Nxa6 Ra8 25. Rd1+ Ke5 26. Nc5 Ra7 27. Ke3 f5 28. Nd7+ Ke6 29. Nc5+ Ke7 30. Rd3 Ne5 31. Rc3 g5 32. h3 f4+ 33. Ke4 Nd7 34. Nxd7 Rxd7 35. Kf5 f6 36. Rc6 Rd5+ 37. Kg4 Rd3 38. Rc7+ Kd6 39. Rxh7 Rg3+ 40. Kf5 f3 41. Rf7 f2 42. Rxf6+ Ke7 43. Kg6 Rg2 44. Rf3 g4 45. hxg4 Rxg4+ 46. Kf5 Rg8 47. Ke5 Rf8 48. Rxf2 Rxf2 49. b4 Ra2 50. Kd5 Rxa3 51. Kc6 Kd8 52. b5 Rc3+ 53. Kb6 Kc8 54. Ka7 Ra3+ 55. Kb6 Kb8 56.
Kc6 Re3 57. Kb6 Rh3 58. Ka6 Rh6+ 59. Ka5 Rg6 60. b6 Rf6 61. Ka6 Re6 62. Kb5 Kb7 0-1

[Event "*** Titled Tuesday Blitz"]
[Site "Chess.com"]
[Date "2020.04.14"]
[Round "3"]
[White "Jumbo"]
[Black "Kobalia"]
[Result "0-1"]
[WhiteElo "2850"]
[BlackElo "2656"]
[TimeControl "180+1"]
[EndTime "10:29:10 PDT"]
[Termination "Kobalia won on time"]

1. d4 d5 2. Bf4 c5 3. e3 Nc6 4. c3 Bf5 5. Nd2 e6 6. Ngf3 cxd4 7. exd4 Bd6 8. Bg3 Nf6 9. Bb5 O-O 10. O-O Ne4 11. Bxd6 Qxd6 12. Re1 a6 13. Bxc6 bxc6 14.
Nxe4 Bxe4 15. Nd2 Bg6 16. Nb3 Rfe8 17. Re3 a5 18. Qe2 f6 19. Re1 a4 20. Nc5 e5 21.
Qd1 a3 22. b4 e4 23. f3 f5 24. fxe4 dxe4 25. g3 Bf7 26. Qd2 Bc4 27. Qf2 Rf8 28.
Rd1 Qd5 29. Rd2 g5 30. Qg2 Kh8 31. Rf2 Rae8 32. h3 f4 33. Rxe4 fxg3 34. Rxf8+ Rxf8 35. Qxg3 h6 36. h4 Rf1+ 37. Kh2 Qf5 38. Re8+ Bg8 39. Ne4 Rf4 40. hxg5 Rxe4 41. gxh6 Qh5+ 42. Kg1 Qd1+ 43. Kf2 Qd2+ 44. Kg1 Qc1+ 45. Kg2 Qd2+ 46. Kg1 Qd1+ 47. Kg2 Rg4 0-1